 Dungeon Sprint DCSS version 0.28-a0-1435-g82390b3a13 (webtiles) character file.

Game seed: 6647989094708658408

19821 mhtbhm the Executioner (level 12, -3/134 HPs)
             Began as a Minotaur Berserker on Jan 9, 2022.
             Was the Champion of Trog.
             Slain by an orc knight (7 damage)
             ... while petrified by you
             ... in the Dungeon (Sprint VII: "The Pits").
             The game lasted 00:07:47 (4641 turns).

mhtbhm the Executioner (Minotaur Berserker)         Turns: 4641, Time: 00:07:47

Health: -3/134     AC: 17    Str: 28    XL:     12   Next: 39%
Magic:  11/11      EV:  2    Int:  7    God:    Trog [******]
Gold:   43         SH:  0    Dex: 12    Spells: 11/11 levels left

rFire   . . .      SeeInvis .   a - +2 executioner's axe (flame)
rCold   . . .      Faith    .   (shield currently unavailable)
rNeg    + + +      Spirit   .   b - +4 chain mail
rPois   ∞          Reflect  .   (helmet restricted)
rElec   .          Harm     .   (no cloak)
rCorr   .          Rampage  .   (no gloves)
Will    .....      NoTele   +   (no boots)
Stlth   ..........              (no amulet)
HPRegen 0.32/turn               k - +3 ring of strength
MPRegen 0.12/turn               l - +3 ring of intelligence

@: lethally poisoned (-3 -> -3), petrified, on berserk cooldown, hasted and
slowed
A: horns 2, retaliatory headbutt
a: Renounce Religion, Berserk, Trog's Hand, Brothers in Arms


You were in the Dungeon.
You worshipped Trog.
Trog was exalted by your worship.
You visited 1 branch You collected 43 gold pieces.

Inventory:

Hand Weapons
 a - a +2 executioner's axe of flaming (weapon)
Missiles
 m - 5 javelins (quivered)
 n - 2 poisoned darts
 p - 4 curare-tipped darts
Armour
 b - a +4 chain mail (worn)
Jewellery
 k - a +3 ring of strength (left hand)
 l - a +3 ring of intelligence (right hand)
 v - a ring of ice
Scrolls
 h - 5 scrolls of blinking
 j - a scroll of summoning
 q - 6 scrolls of enchant weapon
 r - 2 scrolls of fear
 s - a scroll of fog
 w - a scroll of magic mapping
Potions
 c - 11 potions of curing
 d - 18 potions of heal wounds
 e - 2 potions of haste
 f - 4 potions of magic
 g - 4 potions of berserk rage
 i - 3 potions of invisibility
 o - a potion of lignification
 t - a potion of might


   Skills:
 + Level 20.8 Fighting
 + Level 23.9 Axes
 + Level 15.4 Armour
 + Level 12.7 Dodging
 + Level 5.5 Stealth


You had 11 spell levels left.
You didn't know any spells.
Your spell library was empty.

Dungeon Overview and Level Annotations

Branches:
Dungeon (1/1)

Altars:
Ashenzari
Cheibriados
Dithmenos
Elyvilon
Fedhas
Gozag
Hepliaklqana
Kikubaaqudgha
Makhleb
Nemelex Xobeh
Okawaru
Qazlal
Ru
Sif Muna
Trog
Uskayaw
Vehumet
Wu Jian
Xom
Yredelemnul
Zin
The Shining One
Beogh
Jiyva
Lugonu


Innate Abilities, Weirdness & Mutations

You have a pair of horns on your head.
You reflexively headbutt those who attack you in melee.


Message History

You have turned to stone.
Welcome back, mhtbhm the Minotaur Berserker.
Trog says: Kill them all!
Press ? for a list of commands and other information.
The orc knight hits you with a +0 halberd!
The ice devil hits you but does no damage.
The green death hits you!
The orc knight hits you with a +0 halberd!!
The green death hits you!!
The ice devil hits you but does no damage.
The orc knight hits you with a +0 halberd!
The ice devil hits you! The ice devil freezes you!!
* * * LOW HITPOINT WARNING * * *
The green death hits you but does no damage.
The orc knight hits you with a +0 halberd.
* * * LOW HITPOINT WARNING * * *
The ice devil hits you but does no damage.
The green death gestures at you.
The bolt of poison hits you but does no damage.
You resist.
The orc knight hits you but does no damage.
The ice devil hits you but does no damage.
The green death hits you!
* * * LOW HITPOINT WARNING * * *
The orc knight hits you with a +0 halberd!!
* * * LOW HITPOINT WARNING * * *
The ice devil hits you. The ice devil freezes you!
* * * LOW HITPOINT WARNING * * *
The green death hits you!
* * * LOW HITPOINT WARNING * * *
You are no longer berserk.
You feel yourself slow down.
The orc knight hits you with a +0 halberd!
* * * LOW HITPOINT WARNING * * *
The green death gestures at you. The poison arrow hits you!
You partially resist.
* * * LOW HITPOINT WARNING * * *
The ice devil hits you but does no damage.
The orc knight hits you with a +0 halberd!
You die...

........''..........#
######..##..#....#..#
#..##..........+ #..##..........+
#..####''####''#
#..####''####''#########
#..##..)...##...))......
###+######..##.#'##.##...........
............##.#@)'.##..#########
............##.24o#.##..#
#''###########.#.)'.##..#
#''###########.+:}#.##..#
........##..## ##+#.##..#
.#......##..# ##).# ........'').#
#..# ........''))##########..#
.#......##.)............#


You could see a green death, an orc knight and an ice devil.

Vanquished Creatures
  A nagaraja (D)
  A fire giant (D)
  A vampire knight (D)
  A white draconian (D)
  A merfolk avatar (D)
  A naga warrior (D)
  An alligator (D)
  A naga sharpshooter (D)
  An orc high priest (D)
  Urug (D)
  Sonja (D)
  A spriggan druid (D)
  2 deep trolls (D)
  A naga ritualist (D)
  2 bog bodies (D)
  A deep elf zephyrmancer (D)
  A lindwurm (D)
  2 black mambas (D)
  A smoke demon (D)
  A demonic crawler (D)
  A freezing wraith (D)
  2 kobold demonologists (D)
  3 ice devils (D)
  A rime drake (D)
  A guardian mummy (D)
  2 trolls (D)
  A red devil (D)
  A tarantella (D)
  A jumping spider (D)
  A flying skull (D)
  A spriggan (D)
  An air elemental (D)
  4 yaks (D)
  A wyvern (D)
  A fire bat (D)
  A chaos spawn (D)
  A steam dragon (D)
  4 vampire mosquitoes (D)
  A redback (D)
  A warg (D)
  2 acid dragons (D)
  Pargi (D)
  2 orc warriors (D)
  A floating eye (D)
  A sky beast (D)
  8 wolves (D)
  A small abomination (D)
  4 centaurs (D)
  2 kobold brigands (D)
  2 gnoll sergeants (D)
  3 killer bees (D)
  An orc priest (D)
  An iguana (D)
  An orc wizard (D)
  10 gnolls (D)
  A river rat (D)
  A white imp (D)
  An ufetubus (D)
  A worm (D)
  2 orcs (D)
  A hobgoblin (D)
  5 jackals (D)
  2 ball pythons (D)
  A ball python skeleton (D)
  A bat (D)
  2 kobolds (D)
  A rat (D)
112 creatures vanquished.

Vanquished Creatures (others)
  A quokka (D)
1 creature vanquished.

Grand Total: 113 creatures vanquished

Notes
Turn   | Place    | Note
-------+----------+-------------------------------------------
     0 | D        | mhtbhm the Minotaur Berserker began the quest for the Orb.
     0 | D        | Reached XP level 1. HP: 19/19 MP: 0/0
    18 | D        | Reached skill level 4 in Axes
    22 | D        | Found a bloodstained altar of Trog.
    22 | D        | Found a shimmering blue altar of Sif Muna.
    22 | D        | Found a viscous altar of Jiyva.
    22 | D        | Found a hazy altar of Hepliaklqana.
    22 | D        | Found an opulent altar of Gozag.
    23 | D        | Found a glowing golden altar of the Shining One.
    23 | D        | Found a glowing silver altar of Zin.
    23 | D        | Found a basalt altar of Yredelemnul.
    23 | D        | Found a shimmering altar of Xom.
    23 | D        | Found an ornate altar of the Wu Jian Council.
    23 | D        | Found a sacrificial altar of Ru.
    23 | D        | Found a stormy altar of Qazlal.
    23 | D        | Found an iron altar of Okawaru.
    23 | D        | Found a sparkling altar of Nemelex Xobeh.
    23 | D        | Found a burning altar of Makhleb.
    23 | D        | Found a blossoming altar of Fedhas.
    23 | D        | Found a white marble altar of Elyvilon.
    23 | D        | Found a shadowy altar of Dithmenos.
    23 | D        | Found a snail-covered altar of Cheibriados.
    26 | D        | Found a corrupted altar of Lugonu.
    26 | D        | Found a radiant altar of Vehumet.
    27 | D        | Found an ancient bone altar of Kikubaaqudgha.
    27 | D        | Found a hide-covered altar of Uskayaw.
    27 | D        | Found a broken altar of Ashenzari.
   104 | D        | Reached ** piety under Trog
   213 | D        | Reached skill level 5 in Axes
   213 | D        | Reached XP level 2. HP: 8/28 MP: 1/1
   439 | D        | Reached skill level 5 in Fighting
   470 | D        | Noticed a sky beast
   484 | D        | Killed a sky beast
   484 | D        | Reached *** piety under Trog
   485 | D        | Reached skill level 8 in Axes
   485 | D        | Reached skill level 1 in Stealth
   485 | D        | Reached XP level 3. HP: 18/39 MP: 2/2
   485 | D        | Reached XP level 4. HP: 22/47 MP: 3/3
   773 | D        | Noticed a fire bat
   773 | D        | Noticed a floating eye
   783 | D        | Paralysed by a floating eye for 4 turns
   787 | D        | Reached **** piety under Trog
   789 | D        | Killed a floating eye
   790 | D        | Reached skill level 9 in Axes
   790 | D        | Reached skill level 5 in Dodging
   790 | D        | Reached XP level 5. HP: 53/57 MP: 4/4
   828 | D        | Killed a fire bat
   828 | D        | Reached ***** piety under Trog
   829 | D        | Reached skill level 10 in Fighting
   829 | D        | Reached skill level 11 in Axes
   829 | D        | Reached XP level 6. HP: 47/66 MP: 5/5
   926 | D        | Reached skill level 5 in Armour
  1053 | D        | Reached XP level 7. HP: 69/74 MP: 6/6
  1055 | D        | Received a gift from Trog
  1066 | D        | Reached skill level 12 in Axes
  1215 | D        | Noticed a spriggan
  1215 | D        | Noticed a troll
  1225 | D        | Killed a spriggan
  1226 | D        | Reached skill level 13 in Axes
  1227 | D        | Killed a troll
  1227 | D        | Reached ****** piety under Trog
  1227 | D        | Received a gift from Trog
  1228 | D        | Reached XP level 8. HP: 62/85 MP: 7/7
  1548 | D        | Noticed an orc high priest
  1552 | D        | Noticed a smoke demon
  1557 | D        | Reached skill level 14 in Axes
  1559 | D        | Killed an orc high priest
  1559 | D        | Received a gift from Trog
  1560 | D        | Reached skill level 15 in Axes
  1560 | D        | Reached skill level 10 in Dodging
  1560 | D        | Reached XP level 9. HP: 75/94 MP: 8/8
  1748 | D        | Noticed a red devil
  1748 | D        | Noticed a smoke demon
  1752 | D        | Killed a smoke demon
  1753 | D        | Reached skill level 5 in Stealth
  1758 | D        | Killed a red devil
  1770 | D        | Reached skill level 16 in Axes
  1862 | D        | Noticed a deep troll
  1862 | D        | Noticed a spriggan druid
  1873 | D        | Killed a spriggan druid
  1878 | D        | Killed a deep troll
  1878 | D        | Received a gift from Trog
  1879 | D        | Reached skill level 15 in Fighting
  1879 | D        | Reached skill level 17 in Axes
  2179 | D        | Noticed a lindwurm
  2180 | D        | Noticed Urug
  2187 | D        | Killed a lindwurm
  2188 | D        | Reached XP level 10. HP: 68/105 MP: 9/9
  2191 | D        | Killed Urug
  2192 | D        | Reached skill level 10 in Armour
  2420 | D        | Reached skill level 18 in Axes
  2422 | D        | Noticed a deep troll
  2423 | D        | Received a gift from Trog
  2424 | D        | Noticed an alligator
  2429 | D        | Killed a deep troll
  2438 | D        | Killed an alligator
  2712 | D        | Noticed a bog body
  2718 | D        | Killed a bog body
  2719 | D        | Reached skill level 19 in Axes
  2941 | D        | Noticed a merfolk avatar
  2944 | D        | Noticed a bog body
  2947 | D        | Received a gift from Trog
  2954 | D        | Reached XP level 11. HP: 105/116 MP: 10/10
  2956 | D        | Killed a merfolk avatar
  2959 | D        | Killed a bog body
  2959 | D        | Received a gift from Trog
  2960 | D        | Reached skill level 20 in Axes
  3467 | D        | Noticed a deep elf zephyrmancer
  3467 | D        | Noticed a vampire knight
  3468 | D        | Noticed Sonja
  3474 | D        | Killed a deep elf zephyrmancer
  3474 | D        | Killed a vampire knight
  3474 | D        | Received a gift from Trog
  3481 | D        | Reached skill level 21 in Axes
  3487 | D        | Killed Sonja
  3766 | D        | Noticed a naga warrior
  3766 | D        | Noticed a naga sharpshooter
  3766 | D        | Noticed a naga ritualist
  3771 | D        | Received a gift from Trog
  3778 | D        | Killed a naga ritualist
  3782 | D        | Killed a naga sharpshooter
  3782 | D        | Killed a naga warrior
  3783 | D        | Reached skill level 22 in Axes
  4149 | D        | Noticed Pargi
  4149 | D        | Noticed a nagaraja
  4160 | D        | Noticed a sixfirhy
  4164 | D        | Received a gift from Trog
  4165 | D        | Killed Pargi
  4170 | D        | Reached XP level 12. HP: 92/130 MP: 11/11
  4170 | D        | Received a gift from Trog
  4171 | D        | Reached skill level 15 in Armour
  4171 | D        | Killed a nagaraja
  4176 | D        | Identified the +2 battleaxe "Blue Ogreslayer" {vorpal, rC-
                  | Str+4} (Trog gifted it to you in the Dungeon)
  4176 | D        | Received a gift from Trog
  4179 | D        | Reached skill level 23 in Axes
  4622 | D        | Noticed a white draconian
  4622 | D        | Noticed a fire giant
  4622 | D        | Noticed a green death
  4623 | D        | Paralysed by an air elemental for 1 turns
  4626 | D        | Received a gift from Trog
  4629 | D        | Killed a fire giant
  4632 | D        | Killed a white draconian
  4640 | D        | HP: 3/134 [green death/poison arrow (4)]
  4641 | D        | Slain by an orc knight

Illustrated notes

Levels and vault maps discovered:
D:        pitsprint [storerooms_1, entrance_room_1, metal_vault_4, armoury_2,
          mini_pit_1, grid_room_1, main_hall_1, silver_pit, the_coven_1,
          the_vestibule_1, steel_vault_5, golden_pit, hallway_of_sentries,
          crystal_vault_6, iron_vault_1, final_vault]

Skill      XL: |  1  2  3  4  5  6  7  8  9 10 11 12 |
---------------+-------------------------------------+-----
Fighting       | 4 7 9 10 11 12 13 15 16 19 20 | 20.8
Axes           | 5 8 9 11 13 15 17 19 22 23 | 23.9
Armour         | 4 5 6 9 12 14 15 | 15.4
Dodging        | 4 5 6 8 10 11 12 | 12.7
Stealth        | 1 2 3 4 5 |  5.5

Action                   |  1- 3 |  4- 6 |  7- 9 | 10-12 || total
-------------------------+-------+-------+-------+-------++-------
Melee: Hand axe          |    19 |    31 |    24 |       ||    74
       Headbutt          |     2 |     5 |    11 |    17 ||    35
       Broad axe         |       |       |     8 |       ||     8
       Battleaxe         |       |       |    22 |    79 ||   101
       Executioner's axe |       |       |       |    27 ||    27
Invok: Berserk           |     1 |       |     5 |     5 ||    11
  Use: Potion            |       |       |       |     1 ||     1
       Scroll            |       |       |       |     1 ||     1
 Stab: Sleeping          |     1 |       |       |       ||     1
Armor: Animal skin       |     2 |    14 |     1 |       ||    17
       Chain mail        |       |       |    33 |    60 ||    93
Dodge: Dodged            |     9 |    21 |    55 |    93 ||   178

Table legend: (Time is in decaauts)
 A = Elapsed time spent in this place.
 B = Non-inter-level travel time spent in this place.
 C = Inter-level travel time spent in this place.
 D = Time resting spent in this place.
 E = Time spent auto-exploring this place.
 F = Levels seen in this place.
 G = Mean time per level.
                   A        B        C        D        E       F      G
               +--------+--------+--------+--------+--------+-----+--------+
         Total |   4684 |   4684 |      0 |   3621 |     29 |   1 | 4684.0 |
       Dungeon |   4684 |   4684 |      0 |   3621 |     29 |   1 | 4684.0 |
               +--------+--------+--------+--------+--------+-----+--------+

Top non-repeatable levels by time:
       D: 4684 daAuts
